 Dungeon Crawl Stone Soup version 0.18.1-48-g4cf74bf (webtiles) character file.

191 theElss the Conjurer (level 5, -1/31 HPs)
             Began as a High Elf Conjurer on July 9, 2016.
             Slain by an iguana (9 damage)
             ... on level 3 of the Dungeon.
             The game lasted 00:15:11 (3745 turns).

theElss the Conjurer (High Elf Conjurer)            Turns: 3745, Time: 00:15:12

Health: -1/31      AC:  7    Str:  8    XL:     5   Next: 42%
Magic:  4/12       EV: 12    Int: 19    God:
Gold:   100        SH:  0    Dex: 15    Spells: 3 memorised, 5 levels left

rFire  . . .     SeeInvis .     o - +0 club
rCold  . . .     Gourm    .     a - +0 robe
rNeg   . . .     Faith    .     (no shield)
rPois  .         Spirit   .     (no helmet)
rElec  .         Dismiss  .     (no cloak)
rCorr  .         Reflect  .     v - +2 pair of gloves
SustAt .         Harm     .     (no boots)
MR     +....                    (no amulet)
Stlth  ++........               x - +2 ring of protection
                                D - ring of protection from magic

@: drained, somewhat resistant to hostile enchantments, unstealthy
A: no striking features
a: no special abilities


You were on level 3 of the Dungeon.
You were not hungry.

You visited 1 branch of the dungeon, and saw 4 of its levels.

You collected 100 gold pieces.

Inventory:

Hand Weapons
 o - a +0 club (weapon)
Armour
 a - a +0 robe (worn)
 v - a +2 pair of gloves (worn)
Jewellery
 r - an uncursed ring of stealth
 x - a +2 ring of protection (right hand)
 A - an uncursed amulet of harm
 C - an uncursed amulet of faith
 D - a ring of protection from magic (left hand)
 E - an uncursed ring of fire
 F - an uncursed ring of wizardry {unknown}
Wands
 t - a wand of confusion (21/48)
Scrolls
 e - a scroll of noise {unknown}
 g - 3 scrolls of enchant armour {unknown}
 i - a scroll of fear {unknown}
 j - a scroll of recharging {unknown}
 p - 6 scrolls of teleportation {unknown}
 q - 6 scrolls of identify {unknown}
 y - a scroll of remove curse {unknown}
 G - a scroll of magic mapping {unknown}
Potions
 f - a potion of might {unknown}
 h - a potion of cure mutation {unknown}
 k - a potion of berserk rage {unknown}
 l - 2 potions of haste {unknown}
 m - a potion of invisibility {unknown}
 u - 3 potions of cancellation {unknown}
 w - 3 potions of curing {unknown}
 z - a potion of magic {unknown}
 B - a potion of degeneration {unknown}
 I - a potion of lignification {unknown}
Books
 b - a book of Conjurations

   Spells                             Type                      Level
   a - Magic Dart                     Conjuration                  1
   b - Searing Ray                    Conjuration                  2
   c - Dazzling Spray                 Conjuration/Hexes            3
   d - Fulminant Prism                Conjuration/Hexes            4
   e - Iskenderun's Mystic Blast      Conjuration                  4
   f - Iskenderun's Battlesphere      Conjuration/Charms           5
Comestibles
 c - 4 bread rations
 d - a slice of pizza
 n - 3 fruits
 s - a meat ration
 H - 2 beef jerkies


   Skills:
 + Level 2.9(2.1) Dodging
 - Level 2.1(1.4) Stealth
 + Level 4.2(3.5) Spellcasting
 + Level 6.2(5.3) Conjurations


You had 5 spell levels left.
You knew the following spells:

 Your Spells              Type           Power        Failure   Level  Hunger
a - Magic Dart            Conj           ###.         1%          1    None
c - Searing Ray           Conj           ###...       2%          2    ##.....
d - Iskenderun's Mystic   Conj           ###.....     17%         4    ####...


Dungeon Overview and Level Annotations

Branches:
Dungeon (4/15)
 Temple: D:4-7

Altars:
Fedhas


Message History

Press: ? - help, Shift-Dir - straight line, f/p - iguana
Aim: an iguana (severely wounded)
The orb of energy misses the iguana.
The iguana barely misses you.
Casting: Iskenderun's Mystic Blast
Confirm with . or Enter, or press ? or * to list all spells.
You don't have enough magic to cast that spell.
Casting: Iskenderun's Mystic Blast
Confirm with . or Enter, or press ? or * to list all spells.
Aiming: Searing Ray
Press: ? - help, Shift-Dir - straight line, f/p - iguana
Aim: an iguana (severely wounded)
Okay, then.
There is a stone staircase leading up here.
The iguana bites you!
You climb upwards.
There is a stone staircase leading down here.
The iguana bites you!
* * * LOW HITPOINT WARNING * * *
The iguana bites you!
You die...

#######..#....# #
#.#...###########
##.........#.....##
#................>##
######..................#
........................#
...≈#....)..............#
≈≈≈.#...#........l......#
≈_.≈............@.......#
≈.≈....##...............#
...≈...###.............##
.....### ##.....#.....##
#....# #############
#...## ....# ########
...###### ##......##
#.......### ##........##


You could see an iguana.

Vanquished Creatures
  The ghost of meme the Insei, a weakling OpTm of Vehumet (D:3)
  Ijyb (D:2)
  4 adders
  An ooze (D:2)
  2 worms
  3 dart slugs
  2 giant geckos
  4 orcs (D:3)
  4 giant cockroaches
  8 hobgoblins
  5 jackals
  8 kobolds
  A quokka (D:2)
  10 bats
  4 giant newts
  7 goblins
  12 rats
77 creatures vanquished.

Notes
Turn   | Place    | Note
--------------------------------------------------------------
     0 | D:1      | theElss the High Elf Conjurer began the quest for the Orb.
     0 | D:1      | Reached XP level 1. HP: 11/11 MP: 4/4
   331 | D:1      | Reached XP level 2. HP: 15/17 MP: 0/6
   338 | D:1      | Learned a level 2 spell: Searing Ray
   692 | D:1      | Reached skill level 5 in Conjurations
  1531 | D:2      | Reached XP level 3. HP: 21/21 MP: 4/8
  1930 | D:2      | Noticed Ijyb
  1969 | D:2      | Killed Ijyb
  1969 | D:2      | Reached XP level 4. HP: 18/27 MP: 4/9
  2808 | D:2      | Learned a level 4 spell: Iskenderun's Mystic Blast
  3005 | D:3      | Found a blossoming altar of Fedhas.
  3166 | D:3      | Noticed meme's ghost (weakling OpTm)
  3176 | D:3      | Killed meme's ghost
  3176 | D:3      | Reached skill level 6 in Conjurations
  3176 | D:3      | Reached XP level 5. HP: 31/31 MP: 3/12
  3745 | D:3      | Slain by an iguana

Skill      XL: |  1  2  3  4 |
---------------+-------------+-----
Conjurations   | 5 6 |  6.2
Spellcasting   | 3 4 |  4.2
Dodging        | |  2.9
Stealth        | |  2.1

Action                   |  1- 3 |  4- 6 || total
-------------------------+-------+-------++-------
Melee: Unarmed           |     1 |       ||     1
       Club              |     3 |       ||     3
 Cast: Magic Dart        |    73 |    68 ||   141
       Searing Ray       |     6 |     9 ||    15
       Iskenderun's Myst |       |     2 ||     2
  Eat: Chunk             |     3 |     6 ||     9
Armor: Robe              |     5 |     2 ||     7
Dodge: Dodged            |    13 |     2 ||    15
